 Dungeon Crawl Stone Soup version 0.29-a0-643-ga013cefcf8 (webtiles) character file.

Game seed: 8354638660514518496

270 ptdevnull the Cudgeller (level 6, 0/93 HPs)
             Began as an Ogre Berserker on June 20, 2022.
             Was a Believer of Trog.
             Splashed by a jelly's acid (11 damage)
             ... on level 4 of the Dungeon.
             The game lasted 00:04:25 (3537 turns).

ptdevnull the Cudgeller (Ogre Berserker)            Turns: 3537, Time: 00:04:26

Health: 0/93       AC: -4    Str: 24    XL:     6   Next: 22%
Magic:  6/6        EV: 14    Int:  8    God:    Trog [**....]
Gold:   132        SH:  0    Dex: 14    Spells: 5/5 levels left

rFire   . . .      SeeInvis .   a - +0 mace
rCold   . . .      Faith    .   (no shield)
rNeg    . . .      Spirit   .   b - +1 animal skin
rPois   .          Reflect  .   (helmet restricted)
rElec   .          Harm     .   (no cloak)
rCorr   .          Rampage  .   (gloves unavailable)
Will    .....                   (boots unavailable)
Stlth   ..........              (no amulet)
HPRegen 0.25/turn               n - +6 ring of dexterity
MPRegen 0.10/turn               o - +4 ring of evasion

@: berserking, corroded, very quick
A: large, unfitting armour, tough skin 1
a: Renounce Religion, Berserk, Trog's Hand


You were on level 4 of the Dungeon.
You worshipped Trog.
Trog was pleased with you.
You visited 1 branch of the dungeon, and saw 4 of its levels.

You collected 132 gold pieces.

Inventory:

Hand Weapons
 a - a +0 mace (weapon)
Armour
 b - a +1 animal skin (worn)
Jewellery
 n - a +6 ring of dexterity (left hand)
 o - a +4 ring of evasion (right hand)
Wands
 d - a wand of iceblast (9)
Scrolls
 c - a scroll of blinking
 e - 2 scrolls of immolation
 i - a scroll of amnesia {unknown}
Potions
 f - 2 potions of mutation {unknown}
 g - a potion of lignification {unknown}
 h - a potion of brilliance {unknown}
 j - 2 potions of flight {unknown}
 k - 3 potions of degeneration
 l - a potion of invisibility {unknown}
 m - a potion of resistance {unknown}
 p - a potion of haste {unknown}


   Skills:
 - Level 4.0 Fighting
 + Level 6.2 Maces & Flails
 - Level 2.6 Dodging


You had 5 spell levels left.
You didn't know any spells.
Your spell library was empty.

Dungeon Overview and Level Annotations

Branches:
Dungeon (4/15)
 Temple: D:4-7

Altars:
The Shining One

Shops:
D:1 [


Innate Abilities, Weirdness & Mutations

You are too large for most types of armour.
You have tough skin. (AC +1)


Message History

You now have 132 gold pieces (gained 16).
You open the door.
There is an open door here.
Found a There-And-Back Book.
There is a stone staircase leading up here.
You see here 5 poisoned darts.
A jelly comes into view.
The jelly quivers.
The jelly closely misses you.
You thump the jelly!
Your hands burn!
The jelly is moderately wounded.
The jelly hits you. The acid corrodes you!
You are splashed with acid!
You hit the jelly but do no damage.
Your hands burn!
The jelly is moderately wounded.
The jelly completely misses you.
You hit the jelly but do no damage. The acid corrodes you!
Your hands burn!
The jelly is moderately wounded.
The jelly hits you.
You are splashed with acid.
You hit the jelly.
Your hands burn!
The jelly is heavily wounded.
The jelly barely misses you.
You hit the jelly. The acid corrodes you!
Your hands burn!
The jelly is severely wounded.
The jelly hits you.
You are splashed with acid!
You hit the jelly but do no damage.
Your hands burn!
The jelly is severely wounded.
The jelly barely misses you.
You hit the jelly but do no damage.
Your hands burn!
* * * LOW HITPOINT WARNING * * *
You punch the jelly, but do no damage.
The jelly is severely wounded.
The jelly barely misses you. The jelly hits you.
* * * LOW HITPOINT WARNING * * *
You are splashed with acid!
* * * LOW HITPOINT WARNING * * *
A red film seems to cover your vision as you go berserk!
You feel yourself moving faster!
You feel mighty! The jelly hits you.
* * * LOW HITPOINT WARNING * * *
You are splashed with acid!
You die...

*,*,**,*******.....######,....,
*,*,**,,,,,,**..........#.....,
***,*,*******,**#.........#.....,
,,*,*,,,,,*,*,**#.........#.....,
,,+,,,,,,,,,,,,,+...........>..,,
,,*,*<,,,,,,*,**#..........#.#***
,,*,,,,,,,,,,,* #..........#.#
,,*******########..........#.###
,>,,,,,,,......J@....#.#.......#
*********####....###...###.#.#.#
*** ****,,,*#....# ##..# #.#.#.##
,,***,,,,,,*###### #..###.....#.
,,,,,,,,,,,* ###.(......#...
,,,,,,,,,,,* #.....#....#...
,,,,,,,*,,,* #.....#......#.
,,,,,,,*,,,* #.....#.[..#.#.
,,,,,,,*,,,* #.....#....#.##


You could see a jelly.

Vanquished Creatures
  Menkaure (D:4)
  A hound (D:4)
  An iguana (D:4)
  2 adders (D:3)
  2 worms (D:2)
  2 dart slugs
  5 endoplasms
  A giant cockroach (D:1)
  7 goblins
  8 hobgoblins
  4 jackals
  2 quokkas
  6 ball pythons
  6 bats
  A frilled lizard (D:1)
  7 kobolds
  8 rats
64 creatures vanquished.

Notes
Turn   | Place    | Note
-------+----------+-------------------------------------------
     0 | D:1      | ptdevnull the Ogre Berserker began the quest for the Orb.
     0 | D:1      | Reached XP level 1. HP: 24/24 MP: 1/1
    50 | D:1      | Reached skill level 3 in Maces & Flails
   123 | D:1      | Reached XP level 2. HP: 32/32 MP: 2/2
   282 | D:1      | Found a faded altar of an unknown god.
   618 | D:1      | Found Zoeblah's Antique Armour Boutique.
   697 | D:1      | You fall into a shaft and drop 1 floor!
   698 | D:2      | Found a glowing golden altar of the Shining One.
   710 | D:2      | Reached XP level 3. HP: 39/39 MP: 3/3
   977 | D:2      | Reached ** piety under Trog
  1173 | D:1      | Reached skill level 4 in Maces & Flails
  1905 | D:3      | Reached XP level 4. HP: 17/48 MP: 4/4
  2302 | D:3      | Found the +7 Kryia's mail coat {PotionHeal*2 rC+}
  2913 | D:4      | Reached skill level 5 in Maces & Flails
  2913 | D:4      | Reached XP level 5. HP: 46/54 MP: 5/5
  3150 | D:4      | Noticed Menkaure
  3164 | D:4      | Killed Menkaure
  3165 | D:4      | Reached skill level 6 in Maces & Flails
  3165 | D:4      | Reached XP level 6. HP: 19/62 MP: 6/6
  3537 | D:4      | Splashed by a jelly's acid

Illustrated notes

Levels and vault maps discovered:
D:1:      lemuel_arrival_broad_hall, layout_loops_cross, serial_shops, shop,
          shapermc_ecumenical_altar_starsandcircs
D:2:      layout_rooms, basic_altar
D:3:      layout_loops_ring, minmay_misc_feat_square
D:4:      layout_basic, uniq_robin, uniq_menkaure

Skill      XL: |  1  2  3  4  5 |
---------------+----------------+-----
Maces & Flails | 3 4 5 6 |  6.2
Fighting       | |  4.0
Dodging        | |  2.6

Action                   |  1- 3 |  4- 6 || total
-------------------------+-------+-------++-------
Melee: Mace              |   141 |    95 ||   236
       Punch             |       |     1 ||     1
Invok: Berserk           |       |     2 ||     2
       Trog's Hand       |       |     1 ||     1
  Use: Scroll            |       |     6 ||     6
 Stab: Sleeping          |       |     1 ||     1
Armor: Animal skin       |    67 |    16 ||    83
Dodge: Dodged            |    69 |    53 ||   122

Table legend: (Time is in decaauts)
 A = Elapsed time spent in this place.
 B = Non-inter-level travel time spent in this place.
 C = Inter-level travel time spent in this place.
 D = Time resting spent in this place.
 E = Time spent auto-exploring this place.
 F = Levels seen in this place.
 G = Mean time per level.
                   A        B        C        D        E       F      G
               +--------+--------+--------+--------+--------+-----+--------+
         Total |   3591 |   3545 |     46 |    372 |   2609 |   4 |  897.8 |
       Dungeon |   3591 |   3545 |     46 |    372 |   2609 |   4 |  897.8 |
               +--------+--------+--------+--------+--------+-----+--------+

Top non-repeatable levels by time:
     D:3: 1167 daAuts
     D:1: 1015 daAuts
     D:2: 760 daAuts
     D:4: 647 daAuts
